 Dungeon Crawl Stone Soup version 0.28-a0-661-g144af121cd (webtiles) character file.

Game seed: 4952274019329094256

11 Lekart the Skirmisher (level 2, -4/26 HPs)
             Began as a Draconian Chaos Knight on Oct 14, 2021.
             Was a Plaything of Xom.
             Slain by a hog (shapeshifter) (6 damage)
             ... on level 1 of the Dungeon.
             The game lasted 00:01:03 (633 turns).

Lekart the Skirmisher (Draconian Chaos Knight)       Turns: 633, Time: 00:01:04

Health: -4/26      AC:  4    Str: 14    XL:     2   Next: 17%
Magic:  2/2        EV: 12    Int: 12    God:    Xom [..*...]
Gold:   41         SH:  0    Dex: 10    Spells: 1/1 levels left

rFire   . . .      SeeInvis .   a - +0 falchion (chaos)
rCold   . . .      Faith    .   (no shield)
rNeg    . . .      Spirit   .   (armour unavailable)
rPois   .          Reflect  .   (helmet restricted)
rElec   .          Harm     .   (no cloak)
rCorr   .          Rampage  .   (no gloves)
Will    .....                   (no boots)
Stlth   +.........              (no amulet)
HPRegen 0.08/turn               (no ring)
MPRegen 0.08/turn               (no ring)

@: no status effects
A: AC +4, unfitting armour, cold-blooded
a: Renounce Religion


You were on level 1 of the Dungeon.
You worshipped Xom.
You were a toy of Xom.
You visited 1 branch of the dungeon, and saw 1 of its levels.

You collected 41 gold pieces.

Inventory:

Hand Weapons
 a - a +0 falchion of chaos (weapon)
Jewellery
 c - an amulet of the acrobat
Scrolls
 b - a scroll of enchant weapon {unknown}
Potions
 d - a potion of might {unknown}


   Skills:
 + Level 3.6 Fighting
 + Level 3.2 Long Blades
 + Level 2.2 Dodging


You had one spell level left.
You didn't know any spells.
Your spell library contained the following spells:

 Spells                   Type           Power      Damage    Failure   Level
 Hailstorm                Conj/Ice       0%         3d3       97%         4
 Ice Form                 Ice/Tmut       0%         N/A       97%         4
 Simulacrum               Ice/Necr       0%         N/A       100%        6


Dungeon Overview and Level Annotations

Branches:
Dungeon (1/15)

Altars:


Innate Abilities, Weirdness & Mutations

Your plain brown scales are hard. (AC +4)
You cannot fit into any form of body armour.
You are cold-blooded and may be slowed by cold attacks.


Message History

A hobgoblin is nearby!
A hobgoblin is nearby!
You hit something. You freeze something.
Reactivating autopickup.
You feel a bit more experienced. The hobgoblin barely misses you.
There is an open door here.
You see here a hobgoblin corpse.
You hit the hobgoblin.
The hobgoblin seems to speed up.
Xom thinks this is hilarious!
You tail-slap the hobgoblin, but do no damage.
The hobgoblin is almost dead.
The hobgoblin hits you.
A hobgoblin is nearby!
You hit the hobgoblin but do no damage.
The hobgoblin changes into a shapeshifter!
The shapeshifter is heavily wounded.
The shapeshifter changes into a hog!
A hog is nearby!
You hit the hog.
Your tail-slap misses the hog.
The hog is lightly wounded.
The hog blinks!
A hog is nearby!
A hog is nearby!
The hog bites you but does no damage.
You hit the hog. You freeze the hog.
The hog is lightly wounded.
The hog bites you! The hog bites you but does no damage.
You are too injured to fight recklessly!
You are too injured to fight recklessly!
You closely miss the hog.
The hog is lightly wounded.
The hog closely misses you.
You closely miss the hog.
The hog is lightly wounded.
The hog bites you!
* * * LOW HITPOINT WARNING * * *
The hog bites you.
You die...
Xom howls with laughter!

######### ........#
........########
.......h#......#
.......@#......#
........#......#######
........†......'....>#
..............#......#####.#
.... ........#......#####.##
#... ........#..............
#... ........#.......####.###
#..#################.#..#.#..
#................# #.#..#.##.


You could see a hog shaped shifter.

Vanquished Creatures
  A ball python (D:1)
  3 bats (D:1)
  2 giant cockroaches (D:1)
  2 hobgoblins (D:1)
  A goblin (D:1)
  A kobold (D:1)
  A rat (D:1)
11 creatures vanquished.

Notes
Turn   | Place    | Note
-------+----------+-------------------------------------------
     0 | D:1      | Lekart the Draconian Chaos Knight began the quest for the
                  | Orb.
     0 | D:1      | Reached XP level 1. HP: 19/19 MP: 1/1
    46 | D:1      | XOM: divination: detect items
    60 | D:1      | XOM: divination: detect items
   100 | D:1      | XOM: silly message
   173 | D:1      | XOM: silly message
   221 | D:1      | XOM: silly message
   355 | D:1      | Reached XP level 2. HP: 26/26 MP: 2/2
   627 | D:1      | Noticed a shapeshifter
   627 | D:1      | a hobgoblin changed into a shapeshifter
   627 | D:1      | Noticed a hog
   627 | D:1      | a shapeshifter changed into a hog
   633 | D:1      | Slain by a hog (shapeshifter)

Illustrated notes

Levels and vault maps discovered:
D:1:      dpeg_arrival_ternary, layout_basic,
          ebering_ecumenical_altar_abandoned, lemuel_old_faithful

Action                   || total
-------------------------++-------
Melee: Falchion          ||    34
       Tailslap          ||     2
Armor: Skin              ||    16
Dodge: Dodged            ||    23

Table legend: (Time is in decaauts)
 A = Elapsed time spent in this place.
 B = Non-inter-level travel time spent in this place.
 C = Inter-level travel time spent in this place.
 D = Time resting spent in this place.
 E = Time spent auto-exploring this place.
 F = Levels seen in this place.
 G = Mean time per level.
                   A        B        C        D        E       F      G
               +--------+--------+--------+--------+--------+-----+--------+
         Total |    637 |    637 |      0 |      0 |    548 |   1 |  637.0 |
       Dungeon |    637 |    637 |      0 |      0 |    548 |   1 |  637.0 |
               +--------+--------+--------+--------+--------+-----+--------+

Top non-repeatable levels by time:
     D:1: 637 daAuts
